 Dungeon Crawl Stone Soup version 0.18-a0-1186-gd02dc51 (webtiles) character file.

122 4thArraOfDagon the Cudgeler (level 5, -2/85 HPs)
             Began as an Ogre Berserker on Jan 28, 2016.
             Was a Follower of Trog.
             Slain by a hound (4 damage)
             ... on level 5 of the Dungeon.
             The game lasted 00:03:30 (661 turns).

4thArraOfDagon the Cudgeler (Ogre Berserker)         Turns: 661, Time: 00:03:31

Health: -2/85      AC:  3    Str: 28    XL:     5   Next: 6%
Magic:  5/5        EV: 10    Int: 10    God:    Trog [*.....]
Gold:   46         SH:  0    Dex:  9    Spells: 0 memorised, 4 levels left

rFire  . . .     SeeInvis .     a - +0 mace
rCold  . . .     Gourm    .     b - +0 animal skin
rNeg   . . .     Faith    .     (no shield)
rPois  .         Spirit   .     (helmet restricted)
rElec  .         Dismiss  .     (no cloak)
rCorr  .         Reflect  .     (gloves unavailable)
SustAt .         Harm     .     (boots unavailable)
MR     .....                    (no amulet)
Stlth  ..........               (no ring)
                                g - +4 ring of intelligence

@: berserking, very quick, not resistant to hostile enchantments, extremely
unstealthy
A: unfitting armour, tough skin 1
a: Berserk, Burn Spellbooks, Renounce Religion


You were on level 5 of the Dungeon.
You worshipped Trog.
Trog was aware of your devotion.
You were hungry.

You visited 1 branch of the dungeon, and saw 5 of its levels.

You collected 46 gold pieces.

Inventory:

Hand Weapons
 a - a +0 mace (weapon)
 e - the +1 short sword of Pandemonium {pain, MR- Str+2 Dex+4 SInv}
   (You found it on level 4 of the Dungeon)

   In the hands of one skilled in necromantic magic, it inflicts extra damage on
   living creatures.
   It affects your strength (+2).
   It affects your dexterity (+4).
   It affects your resistance to hostile enchantments.
   It lets you see invisible.
Missiles
 h - 4 large rocks (quivered)
 l - 8 poisoned tomahawks
Armour
 b - a +0 animal skin (worn)
Jewellery
 g - a +4 ring of intelligence (left hand)
Scrolls
 d - a scroll of identify
 f - a scroll of amnesia
 j - 2 scrolls of remove curse
Potions
 i - a potion of might
Comestibles
 c - 2 bread rations
 m - a meat ration


   Skills:
 + Level 5.3 Fighting
 * Level 6.5 Maces & Flails
 - Level 2.6 Dodging


You had 4 spell levels left.
You didn't know any spells.

Dungeon Overview and Level Annotations

Branches:
Dungeon (5/15)             Temple (0/1) D:4

Altars:
Elyvilon


Innate Abilities, Weirdness & Mutations

You are too large for most types of armour.
You have tough skin (AC +1).


Message History

You hit the hound.
The hound is lightly wounded.
The hound bites you.
* * * LOW HITPOINT WARNING * * *
You closely miss the hound.
The hound is lightly wounded.
The hound closely misses you.
You closely miss the hound.
The hound is lightly wounded.
The hound closely misses you.
You thump the hound!
The hound is severely wounded.
The hound barely misses you.
You hit the hound.
The hound is almost dead.
The hound barely misses you.
You closely miss the hound.
The hound is almost dead.
The hound bites you.
You die...

#.# #(# #.# #.#
###.#######
#[###..........
#.........#####
#####..h.## #.#@.# #.#
#....# # #># ###.## #.
#.# ##'## . #.#
##...## #.#.#
##.....## #.##.#.##
##.......##
#...>...####.........#
#..........'.........+


You could see a hound.

Vanquished Creatures
  2 worker ants
  4 adders
  2 oozes
  A giant gecko (D:4)
  4 orcs
  A bat (D:1)
  A giant cockroach (D:3)
  3 hobgoblins
  3 kobolds
  A ball python (D:1)
  3 giant newts
  3 goblins
  2 rats
30 creatures vanquished.

Notes
Turn   | Place    | Note
--------------------------------------------------------------
     0 | D:1      | 4thArraOfDagon the Ogre Berserker began the quest for the Orb.
     0 | D:1      | Reached XP level 1. HP: 24/24 MP: 1/1
    65 | D:1      | Reached XP level 2. HP: 14/32 MP: 2/2
   223 | D:2      | Reached skill level 5 in Maces & Flails
   223 | D:2      | Reached XP level 3. HP: 34/40 MP: 3/3
   311 | D:3      | Reached ** piety under Trog
   338 | D:3      | Found a white marble altar of Elyvilon.
   454 | D:4      | Got a warped short sword
   458 | D:4      | Identified the +1 short sword of Pandemonium {pain, MR- Str+2 Dex+4 SInv} (You found it on level 4 of the Dungeon)
   465 | D:4      | Reached skill level 5 in Fighting
   465 | D:4      | Reached XP level 4. HP: 42/50 MP: 4/4
   467 | D:4      | Reached skill level 6 in Maces & Flails
   480 | D:3      | Noticed a phantom
   545 | D:5      | Entered Level 5 of the Dungeon
   564 | D:4      | Found a staircase to the Ecumenical Temple.
   606 | D:5      | Reached XP level 5. HP: 29/57 MP: 5/5
   656 | D:5      | HP: 1/85 [hound (5)]
   661 | D:5      | Slain by a hound

Vault maps used:
D:1:      dpeg_arrival_court
D:2:      ecumenical_altar_2, uniq_iyjb, uniq_terence
D:3:      grunt_ministairs_3, elyvilon_altar_5
D:4:      minmay_temple_entry_metal_lava, hangedman_decor_opposing
D:5:      gammafunk_temple_overflow_statue, serial_shops,
          nicolae_shop_statue_plus, first_bread

Action                   |  1- 3 |  4- 6 || total
-------------------------+-------+-------++-------
Melee: Mace              |    51 |    24 ||    75
Throw: Throwing net      |       |     1 ||     1
Invok: Berserk           |     4 |     3 ||     7
       Trog's Hand       |       |     3 ||     3
  Use: Scroll            |     5 |       ||     5
       Potion            |       |     1 ||     1
 Stab: Distracted        |     1 |       ||     1
  Eat: Chunk             |     2 |     2 ||     4
       Beef jerky        |       |     1 ||     1
